Map: Invader LE

Players

StimAddict - Winner!

  • Race: Protoss Protoss
  • League: Gold
  • Spawn Location: 1:00

Fropez

  • Race: Protoss Protoss
  • League: Silver
  • Spawn Location: 11:00

VOD

Have the link to the VOD?

Description

Time

  • Played on: June 9, 2016, 3:22 p.m.
  • Length: 18:02
Show
View Real Time Build Order
Export as new Build Order

StimAddict Protoss - Winner!

Build Orders: 1 Gate Expand 

Get SALT Encoding   

  12  0:02  Probe (Chrono Boost)  
  13  0:13  Probe (Chrono Boost)  
  14  0:18  Pylon  
  14  0:23  Probe (Chrono Boost)  
  15  0:34  Assimilator  
  15  0:36  Probe (Chrono Boost)  
  16  0:46  Gateway  
  16  0:48  Probe (Chrono Boost)  
  17  0:58  Probe (Chrono Boost)  
  18  1:09  Probe (Chrono Boost)  
  19  1:19  Probe (Chrono Boost)  
  20  1:30  Probe (Chrono Boost)  
  21  1:32  Nexus  
  21  1:42  Pylon  
  22  1:47  Probe (Chrono Boost)  
  22  1:51  Assimilator  
  22  1:57  Probe (Chrono Boost)  
  23  2:02  Gateway  
  23  2:10  Cybernetics Core  
  23  2:13  Probe (Chrono Boost)  
  24  2:23  Probe (Chrono Boost)  
  25  2:34  Probe (Chrono Boost)  
  25  2:35  Forge  
  26  2:44  Probe (Chrono Boost)  
  26  2:49  Stalker  
  29  2:51  Stalker  
  29  2:55  Probe (Chrono Boost)  
  33  3:05  Probe (Chrono Boost)  
  33  3:12  Stargate  
  33  3:16  Mothership Core (Chrono Boost)  
  35  3:24  Photon Cannon  
  35  3:26  Probe (Chrono Boost)  
  36  3:37  Probe (Chrono Boost)  
  36  3:39  Stalker x2  
  41  3:47  Probe (Chrono Boost)  
  40  4:00  Phoenix  
  42  4:04  Probe (Chrono Boost)  
  42  4:06  Probe (Chrono Boost)  
  44  4:10  Photon Cannon  
  44  4:14  Probe (Chrono Boost)  
  44  4:16  Probe (Chrono Boost)  
  46  4:18  Assimilator  
  46  4:20  Assimilator  
  45  4:24  Protoss Ground Weapons Level 1 (Chrono Boost)  
  45  4:27  Probe (Chrono Boost)  
  46  4:37  Pylon  
  46  4:52  Phoenix  
  46  4:55  Probe, Stalker x2  
  46  4:57  Pylon  
  53  5:02  Stargate  
  53  5:06  Pylon  
  53  5:07  Probe  
  54  5:15  Probe  
  54  5:19  Probe  
  56  5:25  Stalker  
  56  5:27  Probe  
  59  5:29  Phoenix  
  59  5:31  Probe  
  59  5:32  Stalker  
  64  5:36  Protoss Air Weapons Level 1  
  64  5:39  Probe  
  65  5:43  Probe  
  65  5:46  Phoenix  
  68  5:51  Probe  
  68  5:55  Stalker  
  57  6:22  Phoenix  
  55  6:26  Phoenix  
  55  6:27  Stalker x2  
  55  6:28  Probe  
  55  6:32  Photon Cannon  
  64  6:33  Probe  
  65  6:40  Probe  
  65  6:45  Probe, Photon Cannon  
  67  6:51  Pylon  
  67  6:57  Probe, Stalker  
  70  7:09  Probe x2, Stalker  
  70  7:11  Protoss Ground Armor Level 1 (Chrono Boost)  
  74  7:21  Probe x2  
  76  7:27  Stalker  
  76  7:33  Probe  
  70  7:39  Stalker  
  66  7:59  Probe  
  66  8:01  Probe  
  66  8:04  Void Ray, Stalker  
  74  8:09  Stalker  
  74  8:11  Probe  
  77  8:13  Probe  
  78  8:30  Photon Cannon  
  78  8:53  Protoss Air Armor Level 1  
  78  8:54  Protoss Shields Level 1 (Chrono Boost)  
  78  8:58  Pylon  
  78  8:59  Pylon  
  78  9:00  Pylon  
  78  9:02  Pylon  
  78  9:12  Phoenix  
  78  9:16  Phoenix, Probe x2, Stalker  
  86  9:17  Stalker  
  88  9:28  Probe, Mothership Core  
  79  9:40  Probe  
  78  9:47  Stalker  
  78  9:52  Probe  
  77  9:57  Stalker  
  73  10:04  Probe  
  72  10:16  Probe  
  72  10:17  Stalker  
  75  10:24  Nexus  
  75  10:27  Stalker  
  77  10:28  Probe  
  77  10:34  Pylon  
  78  10:40  Probe  
  79  10:44  Twilight Council  
  79  10:45  Probe  
  79  10:47  Stalker  
  82  10:51  Assimilator  
  82  10:57  Stalker  
  84  11:04  Phoenix, Warp Gate  
  84  11:05  Gateway  
  84  11:08  Gateway  
  86  11:13  Pylon  
  86  11:17  Stalker  
  88  11:24  Protoss Ground Weapons Level 2 (Chrono Boost)  
  88  11:25  Blink  
  88  11:27  Stalker  
  88  11:29  Phoenix  
  92  11:36  Robotics Facility  
  92  11:37  Probe  
  93  11:47  Stalker  
  95  11:48  Probe  
  96  11:56  Stalker  
  96  11:57  Stalker  
  96  11:58  Probe  
  96  12:00  Assimilator  
  101  12:03  Pylon  
  101  12:05  Pylon  
  101  12:09  Probe  
  101  12:15  Probe  
  103  12:16  Stalker  
  103  12:20  Probe  
  101  12:27  Probe  
  98  13:18  Probe  
  99  13:23  Adept x4  
  99  13:24  Phoenix  
  109  13:28  Protoss Ground Weapons Level 3 (Chrono Boost), Probe  
  107  13:39  Probe  
  106  13:49  Phoenix, Probe  
  106  13:50  Adept x3  
  115  13:59  Probe  
  115  14:00  Probe  
  117  14:11  Probe  
  117  14:12  Probe  
  119  14:22  Probe  
  119  14:23  Nexus  
  119  14:24  Probe  
  120  14:27  Assimilator  
  120  14:30  Assimilator  
  121  14:36  Pylon, Probe  
  121  14:37  Pylon  
  121  14:38  Phoenix  
  122  14:40  Pylon, Stalker x3, Observer  
  122  14:41  Phoenix  
  133  14:48  Probe  
  133  14:50  Photon Cannon x2  
  134  14:53  Photon Cannon  
  134  14:56  Photon Cannon  
  134  15:01  Observer  
  134  15:06  Stalker  
  137  15:08  Gateway x2  
  137  15:10  Stalker  
  135  15:44  Protoss Ground Armor Level 2 (Chrono Boost)  
  133  16:03  Pylon  
  133  16:04  Pylon  
  133  16:06  Pylon  
  133  16:08  Pylon  
  133  16:13  Phoenix  
  133  16:15  Gateway  
  133  16:17  Gateway  
  135  16:18  Gateway  
  135  16:19  Gateway  
  135  16:22  Gateway  
  135  16:23  Templar Archives  
  135  16:25  Photon Cannon  
  135  16:32  Photon Cannon  
  135  16:34  Photon Cannon  
  135  16:38  Phoenix, Probe  
  138  16:40  Photon Cannon  
  138  16:44  Photon Cannon  
  138  16:46  Photon Cannon  
  138  16:48  Probe  
  138  16:49  Photon Cannon  
  138  16:50  Photon Cannon  
  139  16:59  Probe  
  140  17:09  Probe  
  142  17:15  Observer  
  142  17:17  High Templar, Forge  
  142  17:18  High Templar  
  142  17:19  High Templar  
  142  17:20  High Templar, Probe  
  151  17:28  Nexus  
  151  17:31  Assimilator  
  151  17:37  Observer  
  153  17:59  Photon Cannon  
Show
View Real Time Build Order
Export as new Build Order

Fropez Protoss 

Build Orders:  

Get SALT Encoding   

  12  0:01  Probe (Chrono Boost)  
  13  0:14  Pylon  
  13  0:18  Probe (Chrono Boost)  
  14  0:29  Probe (Chrono Boost)  
  15  0:39  Probe (Chrono Boost)  
  16  0:51  Gateway  
  16  0:52  Gateway  
  16  1:02  Probe (Chrono Boost)  
  17  1:11  Assimilator  
  17  1:12  Probe (Chrono Boost)  
  17  1:13  Pylon  
  18  1:20  Assimilator  
  18  1:23  Probe (Chrono Boost)  
  19  1:33  Probe (Chrono Boost)  
  20  1:40  Cybernetics Core  
  20  1:44  Probe (Chrono Boost)  
  21  1:54  Probe (Chrono Boost)  
  22  2:03  Pylon  
  22  2:05  Probe (Chrono Boost)  
  24  2:15  Probe (Chrono Boost)  
  24  2:17  Stalker  
  24  2:18  Stalker  
  24  2:21  Warp Gate (Chrono Boost)  
  28  2:26  Probe (Chrono Boost)  
  29  2:36  Probe (Chrono Boost)  
  30  2:44  Pylon  
  30  2:47  Probe  
  31  2:54  Stalker x2  
  35  3:01  Mothership Core  
  37  3:22  Probe  
  37  3:24  Stalker x2  
  42  3:33  Pylon  
  42  3:34  Pylon  
  39  4:19  Stalker x2  
  39  4:21  Nexus  
  43  4:24  Assimilator  
  43  4:26  Assimilator  
  43  4:45  Stalker x2  
  47  4:54  Pylon  
  47  5:01  Gateway  
  47  5:04  Gateway  
  47  5:12  Stalker x2  
  51  5:15  Gateway  
  51  5:36  Forge  
  51  5:41  Twilight Council  
  49  6:01  Blink  
  45  6:13  Stalker x2  
  45  6:18  Protoss Ground Weapons Level 1 (Chrono Boost)  
  47  6:20  Probe  
  47  6:24  Probe  
  39  6:28  Stalker x2  
  39  6:31  Stalker  
  45  6:38  Probe  
  46  6:40  Probe  
  47  6:48  Stalker  
  47  6:52  Stalker  
  51  6:59  Stalker  
  53  7:06  Probe x2  
  55  7:09  Stalker  
  45  7:55  Stalker x5  
  49  8:01  Pylon  
  49  8:02  Pylon  
  49  8:05  Protoss Ground Weapons Level 2 (Chrono Boost)  
  40  8:21  Stalker x4  
  40  8:23  Probe  
  40  8:24  Probe  
  46  8:35  Probe  
  46  8:36  Probe  
  48  8:47  Probe, Zealot x3  
  48  8:48  Probe, Zealot  
  58  8:59  Probe  
  58  9:00  Probe  
  60  9:12  Probe  
  60  9:13  Probe  
  62  9:23  Stalker x2  
  62  9:24  Stalker x2  
  48  10:04  Stalker x4  
  56  10:09  Gateway  
  56  10:11  Gateway  
  46  10:15  Probe  
  46  10:17  Probe  
  48  10:24  Templar Archives  
  48  10:27  Probe  
  49  10:29  Probe  
  49  10:30  Stalker  
  49  10:31  Stalker  
  54  10:38  Photon Cannon  
  54  10:45  Photon Cannon  
  54  10:47  Probe  
  54  10:49  Probe  
  56  11:07  High Templar x3  
  56  11:08  High Templar x2  
  56  11:09  High Templar  
  68  11:12  Archon x2  
  68  11:13  Archon  
  68  11:16  Probe  
  68  11:18  Probe  
  70  11:24  Protoss Ground Armor Level 1 (Chrono Boost)  
  70  11:50  Pylon  
  70  11:57  Stalker x2  
  70  11:58  Stalker x4  
  70  12:00  Probe  
  70  12:01  Probe  
  84  12:04  Nexus  
  84  12:32  Stalker x5  
  84  12:33  Stalker  
  82  13:11  Stalker x4  
  82  13:12  Stalker x2  
  76  13:44  High Templar x2  
  76  13:45  High Templar x2  
  76  13:47  Zealot x2  
  74  13:55  Gateway  
  72  13:57  Gateway  
  72  13:59  Protoss Ground Weapons Level 3 (Chrono Boost)  
  72  14:05  Assimilator  
  72  14:08  Assimilator  
  72  14:11  Pylon  
  72  14:13  Gateway  
  72  14:17  Robotics Facility  
  72  14:22  Zealot x4  
  72  14:23  Zealot x2  
  84  14:39  Archon  
  84  14:40  Archon  
  84  14:57  Nexus  
  84  15:00  Assimilator  
  84  15:02  Assimilator, Psionic Storm  
  84  15:05  Observer, Pylon  
  85  15:07  Pylon  
  85  15:18  Zealot x4  
  85  15:19  Zealot x2  
  61  15:39  Zealot x4  
  61  15:40  Zealot x2  
  53  16:00  High Templar x2  
  53  16:01  Zealot  
  53  16:02  Zealot x3  
  65  16:05  Archon  
  65  16:21  Probe  
  65  16:23  Probe  
  65  16:24  Probe  
  68  16:44  Probe x2  
  70  17:10  Probe  
  70  17:11  Probe  
  72  17:16  Nexus, Probe  
  73  17:29  Pylon  
Tags
 
Matchup
PvP
Replay Pack
All Mines
Spawn Locations
Close Positions
Add a new tag
Caveats
  • Supply blocks, unpowered buildings, or Contaminate may cause inaccurate times.
  • Supply counts are checked every 10 seconds.